AoeStats
← andresk

Arena

507407577Analyzed
1v1 RM · 13d ago on Sep 18, 2026· 59m 53s· 2 players
Game mode
Random Map
Map size
Tiny (2 player)
Population
200
Speed
Normal
Resources
Standard
Victory
Conquest
Starting age
Dark Age
Ending age
Imperial Age
RankedLock teamsTeams togetherTeam positionsShared explorationLock speedFull tech treeHidden civsTurbo modeCheats
Victory
Defeat
🇨🇴 Portuguese · Colombia
201
+8
🇲🇽 Chinese · Mexico
6
-6
sady5144
13:21 Feudal Age
16:01 Double-Bit Axe
17:17 Wheelbarrow
17:44 Stone Mining
20:50 Horse Collar
23:33 Gold Mining
26:11 Castle Age
27:09 Heavy Plow
33:11 Hand Cart
38:55 Thumb Ring
38:11 Crossbowman
38:40 Crossbowman
39:54 Bow Saw
40:01 Forging
39:52 Scale Mail Armor
39:58 Scale Barding Armor
41:58 Fletching
47:27 Imperial Age
47:21 Elite Skirmisher
48:51 Chain Barding Armor
48:46 Chain Mail Armor
49:07 Iron Casting
48:33 Padded Archer Armor
48:31 Guard Tower
49:58 Town Watch
50:45 Husbandry
50:06 Cavalier
51:45 Masonry
51:52 Fortified Wall
54:29 Keep
54:47 Gold Shaft Mining
54:44 Elite Skirmisher
56:30 Two-Man Saw
56:30 Stone Shaft Mining
56:38 Architecture
57:44 Arbalester
andresk
1:01 Loom
17:50 Feudal Age
21:06 Double-Bit Axe
21:03 Horse Collar
24:50 Forging
24:41 Scale Mail Armor
24:41 Padded Archer Armor
24:32 Fletching
27:30 Castle Age
30:34 Bow Saw
31:02 Iron Casting
30:44 Leather Archer Armor
30:45 Chain Mail Armor
35:54 Bodkin Arrow
38:54 Gold Mining
38:54 Stone Mining
39:10 Heavy Plow
42:33 Imperial Age
40:27 Pikeman
41:54 Heated Shot
42:25 Ballistics
42:16 Masonry
44:17 Blast Furnace
43:19 Bracer
45:52 Chemistry
51:47 Halberdier
52:23 Elite Skirmisher
Connection lost

Rejoining the realm…

Still unreachable

The connection could not be restored.

Session expired

The server has moved on; the page needs a fresh start.